 Dungeon Crawl Stone Soup version 0.31-a0-675-g238779eb0a (webtiles) character file.

Game seed: 16085154782275959541

410 lunkers the Insei (level 7, -3/52 HPs)
             Began as a Meteoran Shapeshifter on Sept 5, 2023.
             Slain by Pikel
             ... wielding a +2 whip of electrocution
              (16 damage)
             ... on level 4 of the Dungeon.
             The game lasted 00:02:59 (1211 turns).

lunkers the Insei (Meteoran Shapeshifter)           Turns: 1211, Time: 00:03:00

Health: -3/52      AC: 10    Str: 16    XL:     7   Next: 36%
Magic:  8/8        EV:  5    Int: 11    God:
Gold:   110        SH:  0    Dex: 16    Spells: 6/6 levels left

rFire   . .          .
                       - Unarmed
rCold   . . .        (no shield)
rNeg    . . .        i - +0 plate armour
rPois   .            (helmet currently unavailable)
rElec   .            (cloak currently unavailable)
rCorr   .            (gloves currently unavailable)
SInv    .            (boots currently unavailable)
Will    .....        (no amulet) Stlth
                     (no ring)
HPRegen 0.28/turn    (no ring)
MPRegen 0.11/turn

%: no passive effects
@: beast-form, glowing
A: beast (slay +3), sense surroundings 1, otherworldly, glowing, explore regen
a: Begin Untransformation


You were on level 4 of the Dungeon.
You were a hulking beast.
You visited 1 branch of the dungeon, and saw 4 of its levels.

You collected 110 gold pieces.

Inventory:

Armour
 a - a +0 animal skin
 e - a +0 helmet
 i - a +0 plate armour (worn)
 j - a +0 pair of gloves
 o - a +0 scale mail
Talismans
 c - a beast talisman (active)
 d - a flux talisman
Wands
 n - a wand of polymorph (13)
 q - a wand of quicksilver (18)
Scrolls
 f - 3 scrolls of amnesia {unknown}
 g - 2 scrolls of revelation {unknown}
 l - a scroll of identify {unknown}
 m - a scroll of blinking {unknown}
 p - a scroll of vulnerability {unknown}
Potions
 b - a potion of enlightenment {unknown}
 k - a potion of cancellation


   Skills:
 - Level 1.1 Fighting
 - Level 2.1 Dodging
 * Level 7.6 Unarmed Combat
 + Level 5.6 Shapeshifting


You had 6 spell levels left.
You didn't know any spells.
Your spell library contained the following spells:

 Spells                   Type           Power      Damage    Failure   Level
 Call Canine Familiar     Summ           0%         N/A       100%        3
 Portal Projectile        Hex/Tloc       0%         N/A       100%        3
 Leda's Liquefaction      Hex/Erth       0%         N/A       100%        4


Dungeon Overview and Level Annotations

Branches:
Dungeon (4/15) Zot: 1206
 Temple: D:4-7

Altars:
Zin

Annotations:
D:4 Pikel


Innate Abilities, Weirdness & Mutations

You are a hulking beast.
Your limbs bulge with bestial killing power. (Slay +3)
You passively map a small area around you.
You are easily found by Zot.
You glow in the dark.
You regain HP and MP as you explore.


Message History

Beogh smites you!
* * * LOW HITPOINT WARNING * * *
Aiming: Quicksilver Bolt
Press: ? - help, Shift-Dir - straight line, f - orc
Aim: an orc, wielding a +0 hand axe (71% to hit)
The bolt of dispelling energy hits Pikel!
Pikel is moderately wounded.
The bolt of dispelling energy hits the lemure!!
You kill the lemure!
That felt strangely unrewarding.
The bolt of dispelling energy hits the orc!
You kill the orc!
The bolt of dispelling energy hits the orc!!
You kill the orc!
An orc comes into view. It is wielding a +0 mace of holy wrath.
Unknown command.
Unknown command.
The orc shouts!
You hit Pikel but do no damage.
Pikel is moderately wounded.
An orc comes into view. It is wielding a +0 club.
Pikel hits you with a +2 whip of electrocution.
* * * LOW HITPOINT WARNING * * *
You are electrocuted!
* * * LOW HITPOINT WARNING * * *
Aiming: Quicksilver Bolt
Press: ? - help, Shift-Dir - straight line, f - orc priest
Aim: an orc priest, wielding a +0 club (71% to hit)
The bolt of dispelling energy hits Pikel!
Pikel is heavily wounded.
The bolt of dispelling energy hits the lemure!
You kill the lemure!
That felt strangely unrewarding.
The bolt of dispelling energy misses the orc priest.
The orc shouts!
You hear a shout! x2
Pikel hits you with a +2 whip of electrocution.
* * * LOW HITPOINT WARNING * * *
You are electrocuted!
You die...
Pikel says, "Another soul for the market."

#.#####.###.#.#.########
#....>..##......#
#.#####.........#
######.##............#
#.........##.#.......#
#.###..#####.##.#...##
##...#..# #.##..#### *
.....#.... ..##.##
#.......### ####h#
#....#..# #K#* #.......#
#o55# #.#..##.# #.oo# ,
#.#..# .# #.).# , #.#..#
* #.o.. , ,, #.....
...... * , , ... ...,
..o... , * ...o.... * ,


You could see Pikel, 2 lemures, 2 orc priests and 3 orcs.

Vanquished Creatures
  Sigmund (D:3)
  2 lemures (D:4)
  A scorpion (D:4)
  A hound (D:4)
  Terence (D:2)
  An iguana (D:4)
  3 gnolls (D:4)
  An adder (D:2)
  An ufetubus (D:4)
  3 dart slugs
  9 orcs
  An endoplasm (D:1)
  2 giant cockroaches
  4 goblins
  5 hobgoblins
  3 jackals (D:3)
  3 kobolds
  6 ball pythons
  4 bats
  3 frilled lizards
  6 rats
61 creatures vanquished.

Notes
Turn   | Place    | Note
-------+----------+-------------------------------------------
     0 | D:1      | lunkers the Meteoran Shapeshifter began the quest for the
                  | Orb.
     0 | D:1      | Reached XP level 1. HP: 16/16 MP: 2/2
    46 | D:1      | Reached XP level 2. HP: 23/23 MP: 3/3
   154 | D:1      | Reached skill level 4 in Unarmed Combat
   404 | D:2      | Reached XP level 3. HP: 28/28 MP: 4/4
   459 | D:2      | Noticed Terence
   467 | D:2      | Killed Terence
   468 | D:2      | Reached skill level 5 in Unarmed Combat
   468 | D:2      | Reached XP level 4. HP: 35/35 MP: 5/5
   626 | D:2      | You fall into a shaft and drop 1 floor!
   665 | D:3      | Found a glowing silver altar of Zin.
   759 | D:3      | Reached XP level 5. HP: 36/40 MP: 6/6
   871 | D:3      | Noticed Sigmund
   884 | D:3      | Killed Sigmund
   885 | D:3      | Reached skill level 6 in Unarmed Combat
   885 | D:3      | Reached skill level 5 in Shapeshifting
   885 | D:3      | Reached XP level 6. HP: 30/47 MP: 7/7
  1028 | D:4      | Reached skill level 7 in Unarmed Combat
  1064 | D:4      | Reached XP level 7. HP: 12/52 MP: 8/8
  1195 | D:4      | Noticed Pikel
  1211 | D:4      | Slain by Pikel

Illustrated notes

Levels and vault maps discovered:
D:1:      dpeg_arrival_shelter, layout_rooms, moated_statue
D:2:      layout_rooms, ebering_ecumenical_altar_abandoned, uniq_terence
D:3:      layout_loops_ring, zin_academy, serial_shops, shop, uniq_sigmund
D:4:      layout_loops_cross, fedhas_altar_1, nicolae_overflow_crystal_walls,
          minmay_temple_entry_drinking_statues, hangedman_decor_riveting,
          minmay_misc_feat_alley, uniq_edmund, uniq_pikel

Skill      XL: |  1  2  3  4  5  6 |
---------------+-------------------+-----
Unarmed Combat | 4 5 6 7 |  7.6
Shapeshifting  | 4 5 |  5.6
Fighting       | |  1.1
Dodging        | |  2.1

Action                     |  1- 3 |  4- 6 |  7- 9 || total
---------------------------+-------+-------+-------++-------
  Melee: Unarmed           |    55 |    92 |    28 ||   175
         Punch             |       |     5 |     2 ||     7
  Evoke: Wand              |       |       |     2 ||     2
    Use: Potion            |     1 |     1 |     1 ||     3
 Armour: Animal skin       |     6 |       |       ||     6
         Plate armour      |    20 |    63 |    34 ||   117
         Skin              |     3 |       |       ||     3
  Dodge: Dodged            |    18 |    15 |     5 ||    38

Table legend: (Time is in decaauts)
 A = Elapsed time spent in this place.
 B = Non-inter-level travel time spent in this place.
 C = Inter-level travel time spent in this place.
 D = Time resting spent in this place.
 E = Time spent auto-exploring this place.
 F = Levels seen in this place.
 G = Mean time per level.
                   A        B        C        D        E       F      G
               +--------+--------+--------+--------+--------+-----+--------+
         Total |   1192 |   1149 |     43 |     22 |    744 |   4 |  298.0 |
       Dungeon |   1192 |   1149 |     43 |     22 |    744 |   4 |  298.0 |
               +--------+--------+--------+--------+--------+-----+--------+

Top non-repeatable levels by time:
     D:3: 359 daAuts
     D:1: 320 daAuts
     D:2: 301 daAuts
     D:4: 211 daAuts
